 Seeded DCSS version 0.31-a0-210-gccc998df9b (webtiles) character file.

Game seed: 16931548482702210867 (custom seed)

23 innerfire43 the Trooper (level 2, 0/24 HPs)
             Began as a Demonspawn Monk on June 29, 2023.
             Slain by a jackal (1 damage)
             ... on level 2 of the Dungeon.
             The game lasted 00:00:46 (887 turns).

innerfire43 the Trooper (Demonspawn Monk)            Turns: 887, Time: 00:00:46

Health: 0/24       AC:  2    Str: 11    XL:     2   Next: 72%
Magic:  2/2        EV: 13    Int: 11    God:
Gold:   60         SH:  0    Dex: 15    Spells: 1/1 levels left

rFire   + . .        a - +0 short sword
rCold   + . .        d - orb {light}
rNeg    . . .        b - +0 robe
rPois   .            (no helmet)
rElec   .            c - scarf {rC+ rF+}
rCorr   .            (no gloves)
SInv    .            (no boots)
Will    .....        (no amulet)
Stlth   +            (no ring)
HPRegen 0.24/turn    (no ring)
MPRegen 0.08/turn

%: no passive effects
@: glowing
A: demonic touch 1
a: no special abilities


You were on level 2 of the Dungeon.
You visited 1 branch of the dungeon, and saw 2 of its levels.

You collected 60 gold pieces.

Inventory:

Hand Weapons
 a - a +0 short sword (weapon)
Armour
 b - a +0 robe (worn)
 c - a scarf of resistance (worn)
 d - an orb of light (worn)
Scrolls
 e - a scroll of amnesia {unknown}
 f - a scroll of immolation {unknown}
Potions
 g - 2 potions of heal wounds {unknown}


   Skills:
 * Level 3.5 Fighting
 + Level 2.9 Short Blades
 + Level 3.0 Dodging


You had one spell level left.
You didn't know any spells.
Your spell library contained the following spells:

 Spells                   Type           Power      Damage    Failure   Level
 Summon Guardian Golem    Hex/Summ       0%         N/A       71%         3
 Orb of Destruction       Conj           0%         9d5       100%        7
 Spellforged Servitor     Conj/Summ      0%         N/A       100%        7


Dungeon Overview and Level Annotations

Branches:
Dungeon (2/15)

Altars:
Trog


Innate Abilities, Weirdness & Mutations

Your touch may inflict minor irresistible damage on your foes.


Message History

The jackal is severely wounded.
The jackal bites you. The jackal closely misses you. The jackal misses you.
The jackal bites you.
You barely miss the jackal.
The jackal is severely wounded.
The jackal closely misses you.
The jackal bites you but does no damage.
A giant cockroach comes into view.
The jackal bites you.
You barely miss the jackal.
The jackal is severely wounded.
The jackal bites you. x2; The jackal closely misses you.
You barely miss the jackal.
The jackal is severely wounded.
The jackal closely misses you. The jackal bites you. x3
You are too injured to fight recklessly!
The jackal closely misses you. The jackal bites you.
* * * LOW HITPOINT WARNING * * *
The jackal barely misses you. The jackal attacks as you move away!
The jackal bites you.
* * * LOW HITPOINT WARNING * * *
The jackal attacks as you move away! The jackal closely misses you.
You hit the jackal.
The jackal is severely wounded.
The jackal misses you. x2; The jackal barely misses you.
You barely miss the jackal.
The jackal is severely wounded.
The jackal misses you. The jackal barely misses you.
You hit the jackal.
You kill the jackal!
The jackal bites you.
* * * LOW HITPOINT WARNING * * *
The jackal bites you but does no damage.
Your Dodging skill increases to level 3!
You hit the jackal.
The jackal is severely wounded.
The jackal bites you.
* * * LOW HITPOINT WARNING * * *
The jackal bites you.
You die...

#.# ##.# # ## #..# #⌠
###8### #.## ...
......# ##.# ....
.....###..#
....#####..##..##
#..#...##.....##
#....wrh@....##
#......Bh.....######
#.......?....†......#
#...................#
..............#.......
.##.#...#.....#.......
..................._.
.....#######.#.......
..## #.#.......


You could see a dart slug, 2 jackals, a giant cockroach and a rat.

Vanquished Creatures
  A gnoll (D:1)
  A dart slug (D:2)
  An endoplasm (D:1)
  A giant cockroach (D:1)
  A hobgoblin (D:1)
  A jackal (D:2)
  A ball python (D:1)
  3 bats (D:1)
  A kobold (D:2)
  A rat (D:2)
12 creatures vanquished.

Notes
Turn   | Place    | Note
-------+----------+-------------------------------------------
     0 | D:1      | innerfire43 the Demonspawn Monk began the quest for the
                  | Orb.
     0 | D:1      | Reached XP level 1. HP: 18/18 MP: 1/1
   366 | D:1      | Gained mutation: Your touch may inflict minor irresistible
                  | damage on your foes. [demonic ancestry]
   366 | D:1      | Reached XP level 2. HP: 7/24 MP: 2/2
   850 | D:2      | Found a bloodstained altar of Trog.
   887 | D:2      | HP: 1/24 [jackal (1)]
   887 | D:2      | Slain by a jackal

Illustrated notes

Levels and vault maps discovered:
D:1:      minmay_arrival_diagonal_passages, layout_basic
D:2:      layout_rooms, basic_altar, serial_corexii_hall,
          chequers_hall_statues_wall_a, chequers_hall_statues_wall_a

Skill      XL: |  1  2 |
---------------+-------+-----
Dodging        | 3 |  3.0
Fighting       | |  3.5
Short Blades   | |  2.9

Action                     || total
---------------------------++-------
  Melee: Short sword       ||    53
    Use: Potion            ||     1
 Armour: Robe              ||     8
  Dodge: Dodged            ||    38

Table legend: (Time is in decaauts)
 A = Elapsed time spent in this place.
 B = Non-inter-level travel time spent in this place.
 C = Inter-level travel time spent in this place.
 D = Time resting spent in this place.
 E = Time spent auto-exploring this place.
 F = Levels seen in this place.
 G = Mean time per level.
                   A        B        C        D        E       F      G
               +--------+--------+--------+--------+--------+-----+--------+
         Total |    879 |    860 |     19 |      0 |    750 |   2 |  439.5 |
       Dungeon |    879 |    860 |     19 |      0 |    750 |   2 |  439.5 |
               +--------+--------+--------+--------+--------+-----+--------+

Top non-repeatable levels by time:
     D:1: 817 daAuts
     D:2: 62 daAuts
